 Dungeon Crawl Stone Soup version 0.25-a0-942-g87a53962fc (webtiles) character file.

Game seed: 7033450435861764196, levelgen mode: deterministic

1 Maedhros the Charlatan (level 1, 0/13 HPs)
             Began as an Octopode Artificer on May 6, 2020.
             Slain by a phantom (9 damage)
             ... on level 4 of the Dungeon.
             The game lasted 00:00:40 (158 turns).

Maedhros the Charlatan (Octopode Artificer)          Turns: 158, Time: 00:00:41

Health: 0/13       AC:  1    Str:  8 (11) XL:     1   Next: 20%
Magic:  3/3        EV: 13    Int: 12 (13) God:
Gold:   28         SH:  0    Dex: 10 (12) Spells: 0/0 levels left

rFire    . . .     SeeInvis .   a - +0 short sword
rCold    . . .     Gourm    .   (no shield)
rNeg     . . .     Faith    .   (helmet restricted)
rPois    .         Spirit   .   (no amulet)
rElec    .         Reflect  .   (no ring)
rCorr    .         Harm     .   (no ring)
MR       .....                  (no ring)
Stlth    +++.......             (no ring)
HPRegen  0.04/turn              (no ring)
MPRegen  0.08/turn              (no ring)
                                (no ring)
                                (no ring)

@: no status effects
A: almost no armour, stealthy swim, amphibious, 8 rings, constrict 8, camouflage
1, gelatinous body 1
a: no special abilities


You were on level 4 of the Dungeon.
You were not hungry.

You visited 1 branch of the dungeon, and saw 3 of its levels.

You collected 28 gold pieces.

Inventory:

Hand Weapons
 a - a +0 short sword (weapon)
Missiles
 e - 19 poisoned darts (quivered)
Wands
 b - a wand of flame (15)
 c - a wand of enslavement (15)
 d - a wand of random effects (14)
Scrolls
 g - a scroll of noise {unknown}
Comestibles
 f - 2 rations


   Skills:
 - Level 1.0 Fighting
 - Level 1.0 Short Blades
 - Level 2.0 Dodging
 + Level 1.7 Stealth
 - Level 3.2 Evocations


You couldn't memorise any spells.
You didn't know any spells.
Your spell library was empty.

Dungeon Overview and Level Annotations

Branches:
Dungeon (2/15)

Altars:
Ru


Innate Abilities, Weirdness & Mutations

You cannot wear most types of armour.
You are very stealthy in the water. (Stealth+)
You are amphibious.
You can wear up to eight rings at the same time.
You can use your tentacles to constrict eight enemies at once.
Your skin changes colour to match your surroundings (Stealth+).
Your rubbery body absorbs attacks. (AC +1, EV +1)


Message History

Okay, then.
Evoke which item? (* to show all) (? for menu, Esc to quit)
Aiming: Random Effects
Press: ? - help, Shift-Dir - straight line, f - phantom
Aim: a phantom The phantom flickers and vanishes!
Deactivating autopickup; reactivate with Ctrl-A.
Found a stone staircase leading up.
Found 10 gold pieces.
Found a stone staircase leading up.
Found 16 stones.
Found a short sword.
Something barely misses you.
You hit something. Something hits you.
A phantom appears from thin air!
Reactivating autopickup.
The phantom blinks!
The phantom hits you!
Ouch! That really hurt!
You die...

#.#.####.###.
............
#.......# .
#.......# . #####
#.....#.#.. #.).
#.....#.#..
####.#######.......#
#.W.....(.######.#.#
#.#@.#.##.######.#.#
#.#..#.##...........
#.#....##.<####§##.#
#.#§##.##..####.##.#
#.#.#...#..##......#
#.............#.####
#####...##.####.#
######......#
########


You could see a phantom.

Vanquished Creatures
  A hobgoblin (D:2)
1 creature vanquished.

Notes
Turn   | Place    | Note
-------+----------+-------------------------------------------
     0 | D:1      | Maedhros the Octopode Artificer began the quest for the
                  | Orb.
     0 | D:1      | Reached XP level 1. HP: 13/13 MP: 3/3
   104 | D:2      | Found a sacrificial altar of Ru.
   117 | D:2      | You fall into a shaft and drop 2 floors!
   117 | D:4      | Noticed a phantom
   158 | D:4      | Slain by a phantom

Levels and vault maps discovered:
D:1:      dpeg_arrival_triangle_fractal, layout_rooms, item_on_display_a
D:2:      layout_rooms, lemuel_round_altar
D:4:      layout_loops_cross, first_ration, yredelemnul_altar_generic

Action                   || total
-------------------------++-------
Melee: Short sword       ||     5
       Constrict         ||     1
       Tentacles         ||     1
Evoke: Wand              ||     1
  Use: Potion            ||     2
Dodge: Dodged            ||     3

Table legend:
 A = Non-vault XP
 B = Vault XP
 C = Vault XP percentage of total XP
 D = Non-vault monster count
 E = Vault monster count
 F = Vault count percentage of total count
                 A         B        C        D         E       F
            +---------+---------+-------+---------+---------+-------
      Total |       2 |       0 |   0.0 |       1 |       0 |   0.0
            +---------+---------+-------+---------+---------+-------
        D:2 |       2 |       0 |   0.0 |       1 |       0 |   0.0
            +---------+---------+-------+---------+---------+-------
